 Dungeon Crawl Stone Soup version 0.31-a0-743-g45f7035092 (webtiles) character file.

Game seed: 14167610032139129956

133425 rjrrt the Executioner (level 16, -19/232 HPs)
             Began as a Minotaur Berserker on Sept 13, 2023.
             Was a High Priest of Trog.
             Blown up by an orb spider (58 damage)
             ... with an orb of destruction
             ... on level 2 of the Spider Nest.
             The game lasted 01:01:06 (30144 turns).

rjrrt the Executioner (Minotaur Berserker)         Turns: 30144, Time: 01:01:06

Health: -19/232    AC: 26    Str: 26    XL:     16   Next: 59%
Magic:  6/6        EV: 28    Int:  4    God:    Trog [*****.]
Gold:   841        SH:  0    Dex: 13    Spells: 15/15 levels left

rFire   . . .        f - +9 executioner's axe (flame)
rCold   + + +        (shield currently unavailable)
rNeg    + . .        D - +0 plate armour {rPois}
rPois   +            s - +2 hat
rElec   .            A - +0 cloak
rCorr   .            R - +0 pair of fencer's gloves {Riposte Dex+3}
SInv    +            F - +2 pair of boots
Will    ++...        d - amulet of the acrobat Stlth
                     n - ring of willpower
HPRegen 0.58/turn    J - ring of Xeotad {rC+++ rN+ MP-9 Str-4 SInv}
MPRegen 0.10/turn

%: acrobat
@: berserking (expiring), acrobatic, studying Fighting, very quick
A: horns 2, retaliatory headbutt
a: Renounce Religion, Berserk, Trog's Hand, Brothers in Arms


You were on level 2 of the Spider Nest.
You worshipped Trog.
Trog was extremely pleased with you.
You visited 5 branches of the dungeon, and saw 25 of its levels.
You also visited: Sewer, Bailey, Gauntlet and Ice Cave.

You collected 2981 gold pieces.
You spent 2140 gold pieces at shops.

Inventory:

Hand Weapons
 a - a +7 vampiric executioner's axe
 b - the +5 scythe "Finisher" {speed, execute}
   (You found it on level 8 of the Dungeon)
 f - a +9 executioner's axe of flaming (weapon)
Missiles
 q - 3 throwing nets
 w - 35 boomerangs (quivered)
Armour
 e - the +0 pair of gloves of the Silversmith {*Slow rElec Regen+ Int+2}
   (You bought it in a shop on level 7 of the Dungeon)

   Int+2:     It affects your intelligence (+2).
   rElec:     It insulates you from electricity.
   Regen+:    It increases your rate of health regeneration.
   *Slow:     It may slow you when you take damage.
 s - a +2 hat (worn)
 A - a +0 cloak (worn)
 D - a +0 plate armour of poison resistance (worn)
 F - a +2 pair of boots (worn)
 R - the +0 pair of fencer's gloves (worn) {Riposte Dex+3}
   (You found it in a Gauntlet)

   Riposte:   It allows the wearer to riposte with melee weapons, swiftly
   retaliating against missed or blocked melee attacks.
   Dex+3:     It affects your dexterity (+3).
Jewellery
 c - a +5 ring of evasion
 d - an amulet of the acrobat (around neck)
 n - a ring of willpower (left hand)
 t - a ring of positive energy
 z - a ring of willpower
 J - the ring of Xeotad (right hand) {rC+++ rN+ MP-9 Str-4 SInv}
   (You found it in a Gauntlet)

   [ring of positive energy]

   Str-4:     It affects your strength (-4).
   rC+++:     It renders you almost immune to cold.
   rN+:       It protects you from negative energy.
   MP-9:      It affects your magic capacity (-9).
   SInv:      It lets you see invisible.
Wands
 h - a wand of flame (55)
 i - a wand of polymorph (2)
 p - a wand of charming (25)
 v - a wand of mindburst (38)
 E - a wand of iceblast (17)
 K - a wand of digging (2)
Scrolls
 j - 6 scrolls of fog
 k - 9 scrolls of teleportation
 u - 2 scrolls of poison
 C - 2 scrolls of enchant armour
 G - 5 scrolls of revelation
 N - 6 scrolls of blinking
 Q - 2 scrolls of summoning
 S - 2 scrolls of brand weapon
 T - 7 scrolls of identify
 U - 2 scrolls of silence
 V - a scroll of fear
Potions
 g - 12 potions of curing
 l - 9 potions of might
 m - 2 potions of cancellation
 o - 3 potions of lignification
 r - a potion of attraction
 x - 5 potions of invisibility
 H - 4 potions of heal wounds
 I - a potion of resistance
 L - a potion of ambrosia
 M - 3 potions of haste
 O - 2 potions of berserk rage
 P - a potion of mutation


   Skills:
 + Level 17.0 Fighting
 * Level 22.9 Axes
 + Level 16.0 Armour
 + Level 14.7 Dodging
 - Level 4.0 Evocations


You had 15 spell levels left.
You didn't know any spells.
Your spell library was empty.

Dungeon Overview and Level Annotations

Branches:
Dungeon (15/15)            Temple (0/1) D:4            Lair (5/5) D:11
 Shoals (0/4) Lair:2       Spider (2/4) Lair:2        Slime (0/5) Lair:5
    Orc (2/2) D:10            Elf (0/3) Orc:2        Vaults (0/5) D:14
 Depths (1/4) D:15          Sewer (visited)          Bailey (visited)
  IceCv (visited)         Gauntlet (visited)

Altars:
Cheibriados
Dithmenos
Hepliaklqana
Kikubaaqudgha
Makhleb
Nemelex Xobeh
Ru
Sif Muna
Trog
Uskayaw
Vehumet
Wu Jian
Xom
Yredelemnul
Zin
The Shining One
Jiyva

Shops:
D:3 :   D:7 [   D:8 **   D:10 ?   D:15 ?   Orc:2 *![(   Depths:1 [

Portals:
Abyss: Depths:1

Annotations:
D:5 1 runed translucent door, zazu2006's ghost, novice GnWn
D:10 3 runed translucent doors, bungle's ghost, journeyman TrSh
Lair:2 2 transporters, snackwell's ghost, journeyman TrWn
Lair:3 2 transporters


Innate Abilities, Weirdness & Mutations

You have a pair of horns on your head.
You reflexively headbutt those who attack you in melee.


Message History

You kill the jorogumo!
Trog accepts your kill.
Trog appreciates your killing of a magic user.
You closely miss the culicivora. The culicivora bites you!
* * * LOW HITPOINT WARNING * * *
The culicivora draws strength from your injuries!
Your life force feels restored.
You completely miss the culicivora.
You feel sick.
You are no longer poisoned.
The culicivora bites you!
* * * LOW HITPOINT WARNING * * *
The culicivora draws strength from your injuries!
Unknown command.
You slice the culicivora!! You burn the culicivora.
The culicivora is severely wounded.
You slash the redback! You burn the redback.
A redback comes into view.
The redback misses you.
You riposte.
You slash the redback! You burn the redback.
You kill the redback!
Trog accepts your kill.
You closely miss the culicivora. You slice the culicivora!!
You burn the culicivora!
You feel the power of Trog in you as your rage grows.
You kill the culicivora!
Trog accepts your kill.
Unknown command.
You slice the redback like a ripe choko!!!
You burn the redback!
You kill the redback!
Trog accepts your kill.
The orb spider weaves a glowing orb of energy.
Your Fighting skill increases to level 17!
An orb of destruction comes into view.
Unknown command.
Things that are here:
a culicivora corpse; a redback corpse You feel a strong urge to attack something.
The orb of destruction hits you!!!
You die...

.# ## .#
..# ~##..#
#####.#..#
#>#.#s...#
#...#s..#
#.†○†.#
#@○s†#
#.†††###
#..#...
#^..###...#
..... .#?^.
#..#.
.##...
....# ..
##. ..# ..


You could see an orb spider and a redback.

Vanquished Creatures
  Jorgrun (Orc:2)
  Kirke (Spider:1)
  2 frost giants
  An orc warlord (Orc:2)
  A minotaur (Gauntlet)
  The ghost of Pokonic1 the Tortoise, a journeyman GrMo of Qazlal (Lair:4)
  A spark wasp (Spider:1)
  A dire elephant (D:15)
  Snorg (Orc:2)
  An ettin (Orc:1)
  Josephine (Spider:1)
  A fire dragon (Depths:1)
  Fannar (Lair:1)
  5 hydras
  A rakshasa (Depths:1)
  An ice dragon (Depths:1)
  An ogre mage (D:15)
  7 centaur warriors
  A jorogumo (Spider:2)
  A radroach (Spider:1)
  5 two-headed ogres
  14 death yaks
  3 boulder beetles
  A tengu warrior (D:14)
  Urug (Orc:2)
  A demonic crawler (Spider:1)
  A titan zombie (Orc:1)
  An orc high priest (Orc:2)
  Amaemon (Lair:2)
  A skyshark (Lair:5)
  A pharaoh ant (Spider:1)
  A skeletal warrior (D:8)
  2 orb spiders (Spider:1)
  5 orc knights
  2 necromancers
  16 cyclopes
  3 stone giant zombies (Orc:1)
  2 orc sorcerers (Orc:2)
  6 ugly things
  6 wolf spiders
  3 manticores
  4 deep elf pyromancers
  4 oklob plants (Lair:2)
  15 elephants
  An orange demon (Lair:2)
  A gargoyle (D:10)
  An ice statue (IceCv)
  11 komodo dragons
  20 cane toads
  2 torpor snails
  2 kobold demonologists
  4 rime drakes
  4 freezing wraiths (IceCv)
  An unseen horror (D:10)
  7 ice devils (IceCv)
  An efreet (D:14)
  2 anaconda simulacra (IceCv)
  8 trolls
  6 hornets (Lair:5)
  4 tarantellas
  A wolf spider simulacrum (D:15)
  A tyrant leech (Gauntlet)
  6 polar bears (Lair:5)
  9 blink frogs
  20 dream sheep
  10 jumping spiders
  6 slime creatures
  13 spriggans (Lair:5)
  2 shadows
  11 wraiths
  10 culicivoras
  52 yaks
  4 hogs (Spider:1)
  6 basilisks
  5 wyverns
  14 redbacks
  2 death yak simulacra (IceCv)
  4 vampire mosquitoes
  3 swamp worms (Gauntlet)
  5 wargs
  A harpy simulacrum (IceCv)
  An acid dragon (D:12)
  17 water moccasins
  2 hydra simulacra (IceCv)
  3 ice beasts
  33 orc warriors
  Pargi (Sewer)
  8 ogres
  A sky beast (D:6)
  7 black bears
  34 wolves
  3 boggarts (Lair:5)
  20 centaurs
  5 phantoms
  7 kobold brigands
  10 bullfrogs
  A gnoll sergeant (D:7)
  2 scorpions (D:5)
  3 cane toad simulacra (IceCv)
  A two-headed ogre simulacrum (IceCv)
  3 wights (D:8)
  13 killer bees
  6 howler monkeys
  3 elephant simulacra (IceCv)
  2 electric eels (Lair:5)
  11 jellies
  4 hounds
  17 orc priests
  A sleepcap (D:7)
  2 iguanas (D:5)
  Natasha (thrice) (D:2)
  32 orc wizards
  9 polar bear simulacra (IceCv)
  3 wolf simulacra (IceCv)
  10 gnolls
  5 adders
  5 white imps
  3 ufetubi
  5 worms
  3 dart slugs
  107 orcs
  5 endoplasms
  4 giant cockroaches
  8 goblins
  5 hobgoblins
  10 jackals
  18 kobolds
  9 quokkas
  10 ball pythons
  8 bats
  7 frilled lizards
  3 rats
  A spectral orc (D:6)
884 creatures vanquished.

Vanquished Creatures (collateral kills)
  Saint Roka (Orc:2)
  2 orc knights (D:10)
  3 freezing wraiths (IceCv)
  3 ice devils (IceCv)
  A vampire (D:10)
  An orc warrior (D:10)
  2 killer bees (D:8)
  An orc priest (D:10)
  An orc wizard (Orc:2)
  8 orcs
23 creatures vanquished.

Grand Total: 907 creatures vanquished

Notes
Turn   | Place    | Note
-------+----------+-------------------------------------------
     0 | D:1      | rjrrt the Minotaur Berserker began the quest for the Orb.
     0 | D:1      | Reached XP level 1. HP: 19/19 MP: 0/0
   114 | D:1      | Reached skill level 4 in Axes
   259 | D:1      | Reached XP level 2. HP: 26/26 MP: 1/1
   481 | D:1      | Reached skill level 5 in Axes
   731 | D:2      | Noticed Natasha
   735 | D:2      | Killed Natasha
   736 | D:2      | Reached XP level 3. HP: 31/31 MP: 2/2
   761 | D:2      | Identified the +0 ring mail "Uhuonil" {rF+ rN+ Str+3}
   958 | D:2      | Noticed Natasha
   963 | D:2      | Killed Natasha
   964 | D:2      | Reached skill level 6 in Axes
   964 | D:2      | Reached XP level 4. HP: 35/39 MP: 3/3
  1050 | D:2      | Reached ** piety under Trog
  1351 | D:2      | Noticed Natasha
  1357 | D:2      | Killed Natasha
  1599 | D:3      | Reached skill level 7 in Axes
  1599 | D:3      | Reached XP level 5. HP: 34/45 MP: 4/4
  1653 | D:3      | Found a glowing drain.
  1669 | Sewer    | Entered a sewer
  1845 | Sewer    | Noticed Pargi
  1852 | Sewer    | Killed Pargi
  1853 | Sewer    | Reached skill level 8 in Axes
  1943 | D:3      | Reached XP level 6. HP: 49/51 MP: 5/5
  2094 | D:3      | Found a shadowy altar of Dithmenos.
  2100 | D:3      | Reached *** piety under Trog
  2218 | D:3      | Found Poofry's Book Shop.
  2424 | D:3      | Found a faded altar of an unknown god.
  2911 | D:4      | Found a hide-covered altar of Uskayaw.
  2942 | D:4      | Noticed an ice beast
  2959 | D:4      | Killed an ice beast
  2960 | D:4      | Reached XP level 7. HP: 47/60 MP: 6/6
  2963 | D:4      | Reached skill level 9 in Axes
  3151 | D:4      | Found a staircase to the Ecumenical Temple.
  3249 | D:4      | Found an ornate altar of the Wu Jian Council.
  3308 | D:4      | Found a sparkling altar of Nemelex Xobeh.
  3791 | D:5      | Entered Level 5 of the Dungeon
  3837 | D:5      | Reached skill level 5 in Fighting
  4011 | D:5      | Reached XP level 8. HP: 68/68 MP: 7/7
  4039 | D:5      | Reached **** piety under Trog
  4267 | D:5      | Found a sacrificial altar of Ru.
  4331 | D:5      | Reached skill level 10 in Axes
  4448 | D:5      | Reached skill level 1 in Evocations
  4450 | D:5      | Found a runed translucent door.
  4543 | D:5      | Noticed zazu2006's ghost (novice GnWn)
  4575 | D:5      | Found a glowing silver altar of Zin.
  4632 | D:5      | Reached skill level 5 in Armour
  5083 | D:6      | Found a burning altar of Makhleb.
  5437 | D:6      | Reached skill level 11 in Axes
  5437 | D:6      | Reached skill level 5 in Dodging
  5437 | D:6      | Reached XP level 9. HP: 59/75 MP: 8/8
  5504 | D:6      | Found a bloodstained altar of Trog.
  5805 | D:6      | Found a basalt altar of Yredelemnul.
  6335 | D:7      | Found Xeci's Antique Armour Shop.
  6346 | D:7      | Bought a pair of shimmering gloves for 228 gold pieces
  6346 | D:7      | Identified the +0 pair of gloves of the Silversmith {*Slow
                  | rElec Regen+ Int+2} (You bought it in a shop on level 7 of
                  | the Dungeon)
  7155 | D:8      | Reached ***** piety under Trog
  7178 | D:8      | Reached skill level 12 in Axes
  7535 | D:8      | Reached XP level 10. HP: 79/86 MP: 9/9
  7573 | D:8      | Noticed a skeletal warrior
  7597 | D:8      | Killed a skeletal warrior
  7713 | D:8      | Found a snail-covered altar of Cheibriados.
  7759 | D:8      | Found Pyppud's General Store.
  7763 | D:8      | Found Niceurir's Specific Store.
  7800 | D:8      | Found the +5 scythe "Finisher" {speed, execute}
  7829 | D:8      | Found a glowing golden altar of the Shining One.
  7842 | D:8      | Found a radiant altar of Vehumet.
  7875 | D:8      | Found an ancient bone altar of Kikubaaqudgha.
  7897 | D:8      | Found a shimmering blue altar of Sif Muna.
  8285 | D:9      | Reached skill level 13 in Axes
  8825 | D:9      | Identified the +5 ring mail of Piamaub {Harm Str-3 Dex+3}
  8836 | D:9      | Found a hazy altar of Hepliaklqana.
  8845 | D:9      | Identified the +3 ring mail of Cirel {Rampage Drain rN+
                  | Str+3}
  9384 | D:7      | Bought a pair of glowing boots for 180 gold pieces
  9879 | D:10     | Entered Level 10 of the Dungeon
  9949 | D:10     | Found Unues's Magic Scroll Boutique.
  9957 | D:10     | Bought a scroll of teleportation for 39 gold pieces
  9978 | D:10     | Found a runed translucent gate.
  9978 | D:10     | Found a runed translucent gate.
  9978 | D:10     | Found a runed translucent gate.
  9994 | D:10     | Noticed bungle's ghost (journeyman TrSh)
 10001 | D:10     | Found a flagged portal.
 10083 | Bailey   | Entered a bailey
 10134 | Bailey   | Reached skill level 14 in Axes
 10148 | Bailey   | Reached XP level 11. HP: 86/97 MP: 10/10
 10357 | Bailey   | Noticed an orc knight
 10362 | Bailey   | Noticed an orc knight
 10384 | Bailey   | Killed an orc knight
 10388 | Bailey   | Killed an orc knight
 10389 | Bailey   | Found a bloodstained altar of Trog.
 10684 | D:10     | Found a staircase to the Orcish Mines.
 10687 | D:10     | Noticed an orc knight
 10688 | D:10     | Noticed an orc knight
 10712 | D:10     | Killed an orc knight
 10723 | D:10     | Killed an orc knight
 10724 | D:10     | Received a gift from Trog
 10977 | D:10     | Found a shimmering altar of Xom.
 11489 | Orc:1    | Entered Level 1 of the Orcish Mines
 11538 | Orc:1    | Reached skill level 15 in Axes
 11557 | Orc:1    | Reached skill level 10 in Fighting
 11923 | Orc:2    | Entered Level 2 of the Orcish Mines
 11923 | Orc:2    | Noticed Jorgrun
 11923 | Orc:2    | Noticed an orc knight
 11944 | Orc:2    | Killed Jorgrun
 11945 | Orc:2    | Killed an orc knight
 11946 | Orc:2    | Reached skill level 10 in Armour
 11982 | Orc:2    | Found a staircase to the Elven Halls.
 11984 | Orc:2    | Noticed Urug
 12008 | Orc:2    | Killed Urug
 12182 | Orc:2    | Reached XP level 12. HP: 90/107 MP: 11/11
 12226 | Orc:2    | Found a frozen archway.
 12232 | IceCv    | Entered an ice cave
 12632 | IceCv    | Reached skill level 16 in Axes
 13228 | IceCv    | Found an ancient bone altar of Kikubaaqudgha.
 13610 | IceCv    | Reached skill level 10 in Dodging
 13930 | Orc:2    | Found Onkot's Distillery.
 13945 | Orc:2    | Bought a potion of degeneration for 12 gold pieces
 13946 | Orc:2    | Bought a potion of haste for 120 gold pieces
 13946 | Orc:2    | Bought a potion of enlightenment for 60 gold pieces
 13946 | Orc:2    | Bought a potion of berserk rage for 60 gold pieces
 13946 | Orc:2    | Bought a potion of mutation for 96 gold pieces
 14115 | Orc:2    | Reached skill level 17 in Axes
 14218 | Orc:2    | Noticed Snorg
 14226 | Orc:2    | Killed Snorg
 14281 | Orc:2    | Noticed an orc warlord
 14287 | Orc:2    | Killed an orc warlord
 14340 | Orc:2    | Found Weujed Etoof's General Store.
 14349 | Orc:2    | Bought a scroll of summoning for 123 gold pieces
 14539 | Orc:2    | Found a burning altar of Makhleb.
 14983 | Orc:2    | Reached XP level 13. HP: 117/117 MP: 12/12
 15274 | Orc:2    | Noticed Saint Roka
 15349 | Orc:2    | HP: 3/117 [poisoned by Saint Roka]
 15653 | Orc:2    | Killed Saint Roka
 15917 | Orc:2    | Found Atenut's Antique Weapon Shop.
 15921 | Orc:2    | Found Funamell's Antique Armour Boutique.
 15927 | Orc:2    | Bought a pair of dazzling gloves for 190 gold pieces
 15927 | Orc:2    | Identified the +1 pair of gloves of Philately {rPois Int-3
                  | Dex+2} (You bought it in a shop on level 2 of the Orcish
                  | Mines)
 16320 | Orc:1    | Reached skill level 18 in Axes
 16483 | Orc:1    | Noticed a frost giant
 16483 | Orc:1    | Noticed an ettin
 16490 | Orc:1    | Killed an ettin
 16498 | Orc:1    | Killed a frost giant
 16720 | Orc:1    | Identified the +5 sling of Dishonesty {drain, Fly rF+ Str-4
                  | Dex+6}
 16721 | Orc:1    | Identified the +6 sling of Raedex {elec, +Blink rElec Str+6
                  | Dex-4}
 16737 | Orc:1    | Identified the +7 battleaxe "Ofint" {venom, rF- Will+
                  | Stlth+}
 17401 | D:11     | Identified the +1 leather armour of the New World {MP-9
                  | Str+4 Int+2}
 17431 | D:11     | Found a staircase to the Lair.
 17679 | D:11     | Reached skill level 19 in Axes
 17862 | Lair:1   | Entered Level 1 of the Lair of Beasts
 17928 | Lair:1   | Reached XP level 14. HP: 128/129 MP: 13/13
 17993 | Lair:1   | Found a gate leading to a gauntlet.
 18002 | Gauntlet | Entered a Gauntlet
 18002 | Gauntlet | Found a transporter.
 18013 | Gauntlet | Found a transporter.
 18015 | Gauntlet | Found a transporter.
 18017 | Gauntlet | Found a transporter.
 18033 | Gauntlet | Found a transporter.
 18049 | Gauntlet | Found a transporter.
 18057 | Gauntlet | Found a transporter.
 18075 | Gauntlet | Found a transporter.
 18075 | Gauntlet | Found the +0 pair of fencer's gloves {Riposte Dex+3}
 18095 | Gauntlet | Found a transporter.
 18107 | Gauntlet | Found a transporter.
 18119 | Gauntlet | Found a transporter.
 18131 | Gauntlet | Found a transporter.
 18143 | Gauntlet | Found a transporter.
 18161 | Gauntlet | Found a transporter.
 18189 | Gauntlet | Found a transporter.
 18209 | Gauntlet | Found a transporter.
 18247 | Gauntlet | Found a transporter.
 18249 | Gauntlet | Found a transporter.
 18751 | Gauntlet | Identified the ring of Xeotad {rC+++ rN+ MP-9 Str-4 SInv}
 18789 | Gauntlet | Received a gift from Trog
 18958 | Gauntlet | Identified the +2 leather armour of Contentment {rElec
                  | Will+++ rCorr Int-3}
 18969 | Lair:1   | Noticed Fannar
 18979 | Lair:1   | Killed Fannar
 20251 | Lair:2   | Noticed Amaemon
 20263 | Lair:2   | Killed Amaemon
 20438 | Lair:2   | Found a hole to the Spider Nest.
 20601 | Lair:2   | Found a staircase to the Shoals.
 20793 | Lair:2   | Found a bloodstained altar of Trog.
 20793 | Lair:2   | Found a transporter.
 20793 | Lair:2   | Noticed snackwell's ghost (journeyman TrWn)
 20819 | Lair:2   | Found a transporter.
 21374 | Lair:3   | Identified the +5 battleaxe of the Boiling Point {flame,
                  | rC+++ Int-5 Dex-5 Stlth+} (Trog gifted it to you on level 3
                  | of the Lair of Beasts)
 21374 | Lair:3   | Received a gift from Trog
 21506 | Lair:3   | Reached skill level 20 in Axes
 21692 | Lair:3   | Found a transporter.
 21846 | Lair:3   | Identified the +0 morningstar "Ecriutiv" {holy, Dex+3
                  | Stlth+}
 22012 | Lair:3   | Found a transporter.
 22598 | Lair:4   | Found a runed translucent door.
 22598 | Lair:4   | Noticed Pokonic1's ghost (journeyman GrMo)
 23262 | Lair:4   | Killed Pokonic1's ghost
 23294 | Lair:5   | Entered Level 5 of the Lair of Beasts
 23313 | Lair:5   | Found a glowing golden altar of the Shining One.
 23345 | Lair:5   | Reached XP level 15. HP: 104/139 MP: 14/14
 23453 | Lair:5   | Reached ****** piety under Trog
 23622 | Lair:5   | Found a staircase to the Slime Pits.
 23725 | Lair:5   | Received a gift from Trog
 23960 | Lair:5   | Reached skill level 21 in Axes
 24250 | Lair:5   | Found a viscous altar of Jiyva.
 24594 | Lair:5   | Reached skill level 15 in Fighting
 24598 | Lair:5   | Received a gift from Trog
 25026 | D:12     | Identified the +0 chain mail of Daruylel {Harm Drain rPois
                  | Regen+}
 25813 | D:13     | Reached skill level 15 in Armour
 25944 | D:13     | Found a viscous altar of Jiyva.
 26200 | D:13     | Identified a scroll of acquirement
 26208 | D:13     | Acquired a +2 vampiric executioner's axe
 26942 | D:14     | Reached skill level 22 in Axes
 27148 | D:14     | You fall into a shaft and drop 1 floor!
 27148 | D:15     | Entered Level 15 of the Dungeon
 27187 | D:15     | Found Quus's Magic Scroll Boutique.
 27199 | D:15     | Bought a scroll of acquirement for 572 gold pieces
 27199 | D:15     | Bought a scroll of blinking for 82 gold pieces
 27199 | D:15     | Acquired a manual of Fighting
 27230 | D:15     | Found a staircase to the Depths.
 27240 | D:15     | Reached XP level 16. HP: 133/149 MP: 15/15
 27918 | D:14     | Found a gate to the Vaults.
 28003 | Depths:1 | Entered Level 1 of the Depths
 28254 | Depths:1 | Found a one-way gate to the infinite horrors of the Abyss.
 28346 | Depths:1 | Found Xeh Odin's Armour Boutique.
 28376 | Depths:1 | Bought a +0 plate armour of poison resistance for 378 gold
                  | pieces
 28639 | Spider:1 | Entered Level 1 of the Spider Nest
 28645 | Spider:1 | Received a gift from Trog
 28987 | Spider:1 | Noticed Josephine
 28996 | Spider:1 | Killed Josephine
 29267 | Spider:1 | Noticed Kirke
 29277 | Spider:1 | Killed Kirke
 30144 | Spider:2 | Blown up by an orb spider

Illustrated notes

Levels and vault maps discovered:
D:1:      matt_arrival_spirals, layout_basic
D:2:      layout_basic, uniq_natasha
D:3:      layout_loops_ring, nicolae_dithmenos_shadow_blocks, serial_shops,
          shop, shapermc_ecumenical_altar_pompeii, cheibrodos_sewer_entry_bend,
          st_stairs_9, serial_bayou_pond_b, grunt_ministairs_2,
          kennysheep_generic_room_9
D:4:      layout_loops_ring, lemuel_round_altar,
          mainiacjoe_overflow_small_starburst, mainiacjoe_overflow_catwalk,
          minmay_temple_entry_hall, serial_bayou, serial_bayou_lagoon_b,
          serial_bayou_shore_b, serial_bayou_lake_a, serial_bayou_pond_a,
          serial_bayou_pond_a, serial_bayou_pond_b
D:5:      layout_loops_ring, mainiacjoe_overflow_surrounded_room,
          mainiacjoe_overflow_24_doors, ebering_ghost_sewer_d, minmay_crossroads
D:6:      layout_rooms, mainiacjoe_overflow_cross_hatched,
          yredelemnul_forgotten_temple_becter,
          mainiacjoe_overflow_six_doors_small, hangedman_decor_opposing,
          minivault_26, eino_small_chamber_without_monster,
          kennysheep_cross_bottleneck
D:7:      layout_cave_pods, serial_shops, nicolae_shop_tiny_statue_garden,
          nicolae_lava_and_water
D:8:      layout_cave_pools, palyth_temple_overflow_mages,
          mainiacjoe_overflow_alcove_1, overflow_temple_1_default,
          nicolae_specific_store, minmay_guarded_unrand_finisher
D:9:      layout_basic, nicolae_hepliaklqana_hazy_memory, minmay_crystal_room,
          hex_intersection, minmay_misc_feat_rugged
D:10:     layout_cave_pools, lemuel_doored_altar, david_orc_5, serial_shops,
          shop, gammafunk_ghost_icy, serial_rivers,
          chequers_serial_rivers_small_b, chequers_serial_rivers_room_a,
          chequers_serial_rivers_small_3, chequers_serial_rivers_small_a,
          chequers_serial_rivers_micro_b, enter_bailey_6,
          hangedman_abyss_or_decor_stabs
D:11:     layout_basic, dpeg_lair_monsters
D:12:     layout_basic
D:13:     layout_stronghold, jiyva_altar_1
D:14:     layout_rooms, hellmonk_vaults_attempted_burglary,
          minmay_misc_feat_pillars
D:15:     hangedman_depths_entry_try_elsewhere_first, layout_gridville,
          serial_shops, shop, vehumet_crystals
Lair:1:   layout_concentric_octagons, gauntlet_entry_generic,
          grunt_megastairs_1, uniq_fannar
Lair:2:   minmay_lair_oklob_tunnel, layout_loops_ring,
          minmay_shoals_entry_centaurs, spider_nest_entry_web_field,
          gammafunk_ghost_wrathful_warriors, uniq_amaemon
Lair:3:   gammafunk_cloud_chamber, layout_loops_ring, lemuel_fruit_tree,
          serial_bayou_shore_b
Lair:4:   layout_hall_layers, hellmonk_ghost_happy_afterlife
Lair:5:   minmay_lair_end_enchanted_forest, layout_cave_shapes,
          nicolae_slime_entry_field_trip, basic_altar,
          pdpol_lair_cavern_descent, grunt_megastairs_3
Spider:1: layout_chambers, uniq_kirke, uniq_josephine
Spider:2: layout_spider_delve
Orc:1:    giant_chief_lemuel, layout_diamond_mine, nicolae_orc_lost_temple
Orc:2:    grunt_orc_community_town_hall, layout_diamond_mine,
          grunt_orc_community_big_house_2, grunt_orc_community_big_house_1,
          grunt_orc_community_house_3, grunt_orc_community_house_1,
          grunt_orc_community_house_3, grunt_orc_community_house_3,
          grunt_orc_community_house_1, grunt_orc_community_house_3,
          portal_ice_cave_entry_pillars_2, bloody_makhleb, uniq_urug,
          uniq_snorg, uniq_jorgrun
Depths:1: layout_forbidden_donut, abyss_entry, grunt_decor_junction,
          pf_hell_entry_great_geh, serial_shops, shop, hangedman_decor_push,
          drop_trap, nooodl_orcs_dogs

Skill      XL: |  1  2  3  4  5  6  7  8  9 10 11 12 13 14 15 16 |
---------------+-------------------------------------------------+-----
Axes           | 4 5 6 7 8 9 11 12 14 15 17 19 20 22 | 22.9
Fighting       | 4 5 6 7 9 10 11 13 14 15 17 | 17.0
Armour         | 3 4 5 7 8 10 11 12 14 15 16 | 16.0
Dodging        | 3 5 6 7 9 10 11 12 14 | 14.7
Evocations     | 2 3 4 |  4.0

Action                     |  1- 3 |  4- 6 |  7- 9 | 10-12 | 13-15 | 16-18 || total
---------------------------+-------+-------+-------+-------+-------+-------++-------
  Melee: Hand axe          |    48 |   179 |   281 |       |       |       ||   508
         Headbutt          |     7 |    18 |    54 |   124 |   211 |    35 ||   449
         Punch             |       |     1 |     6 |     2 |       |       ||     9
         War axe           |       |       |    29 |   258 |       |       ||   287
         Scythe            |       |       |       |    38 |       |       ||    38
         Battleaxe         |       |       |       |   334 |   273 |       ||   607
         Executioner's axe |       |       |       |       |   575 |   136 ||   711
  Throw: Boomerang         |       |       |       |       |     4 |       ||     4
 Invoke: Berserk           |       |     1 |     1 |     6 |     6 |     1 ||    15
         Brothers in Arms  |       |       |     1 |     6 |     1 |       ||     8
         Trog's Hand       |       |       |       |     1 |       |     1 ||     2
  Evoke: Wand              |       |       |     1 |       |     4 |       ||     5
    Use: Scroll            |       |       |    18 |     5 |    20 |       ||    43
         Potion            |       |       |       |     1 |     2 |     2 ||     5
   Stab: Distracted        |       |       |       |       |     1 |       ||     1
 Armour: Animal skin       |    19 |       |       |       |       |       ||    19
         Ring mail         |     4 |    88 |   152 |       |       |       ||   244
         Plate armour      |       |       |     6 |   464 |   564 |   110 ||  1144
  Dodge: Dodged            |    48 |   109 |   166 |   318 |   471 |   102 ||  1214
Riposte: Executioner's axe |       |       |       |       |    72 |    24 ||    96

Table legend: (Time is in decaauts)
 A = Elapsed time spent in this place.
 B = Non-inter-level travel time spent in this place.
 C = Inter-level travel time spent in this place.
 D = Time resting spent in this place.
 E = Time spent auto-exploring this place.
 F = Levels seen in this place.
 G = Mean time per level.
                   A        B        C        D        E       F      G
               +--------+--------+--------+--------+--------+-----+--------+
         Total |  30067 |  28852 |   1215 |   5333 |  15566 |  29 | 1036.8 |
       Dungeon |  14527 |  13876 |    651 |   1482 |   9623 |  15 |  968.5 |
          Lair |   6145 |   5900 |    245 |    581 |   3987 |   5 | 1229.0 |
   Spider Nest |   1480 |   1447 |     33 |      0 |   1283 |   2 |  740.0 |
  Orcish Mines |   4040 |   3836 |    204 |   1623 |    553 |   2 | 2020.0 |
        Depths |    465 |    385 |     80 |    123 |      0 |   1 |  465.0 |
         Sewer |    247 |    247 |      0 |     69 |      0 |   1 |  247.0 |
        Bailey |    553 |    553 |      0 |    323 |      0 |   1 |  553.0 |
      Ice Cave |   1652 |   1652 |      0 |    978 |     12 |   1 | 1652.0 |
      Gauntlet |    955 |    955 |      0 |    151 |    108 |   1 |  955.0 |
               +--------+--------+--------+--------+--------+-----+--------+

Top non-repeatable levels by time:
   Orc:1: 2312 daAuts
   Orc:2: 1728 daAuts
   IceCv: 1652 daAuts
     D:9: 1559 daAuts
  Lair:5: 1534 daAuts
Spider:1: 1461 daAuts
     D:4: 1451 daAuts
  Lair:1: 1430 daAuts
     D:7: 1270 daAuts
  Lair:2: 1222 daAuts
     D:5: 1118 daAuts
    D:10: 1116 daAuts
  Lair:4: 1114 daAuts
     D:8: 990 daAuts
     D:6: 964 daAuts
